[Event "*** MasterClass Titled Tuesday Blitz"]
[Site "Chess.com"]
[Date "2017.12.12"]
[Round "1"]
[White "Aygehovit1992"]
[Black "tteshan"]
[Result "1-0"]
[WhiteElo "2457"]
[BlackElo "2026"]
[TimeControl "180+2"]
[EndTime "13:02:11 PST"]
[Termination "Aygehovit1992 won by resignation"]

1. e4 c5 2. Nf3 e6 3. d4 cxd4 4. Nxd4 a6 5. Nc3 Qc7 6. Bd3 Bb4 7. Bd2 Nf6 8. O-O O-O 9. Ncb5 axb5 10. Bxb4 Re8 11.
Nxb5 Qe5 12. Bd6 Qh5 13. Qxh5 Nxh5 14. Nc7 1-0

[Event "*** MasterClass Titled Tuesday Blitz"]
[Site "Chess.com"]
[Date "2017.12.12"]
[Round "1"]
[White "matiss90"]
[Black "Noukii"]
[Result "0-1"]
[WhiteElo "2315"]
[BlackElo "2615"]
[TimeControl "180+2"]
[EndTime "13:03:24 PST"]
[Termination "Noukii won by resignation"]

1. e4 Nf6 2. e5 Nd5 3. d4 d6 4. Nf3 g6 5. exd6 cxd6 6. c4 Nb6 7. Nc3 Bg7 8. Be3 O-O 9. h4 Bg4 10. h5 Nc6 11. hxg6 fxg6 12. c5 dxc5 13. Qb3+ c4 14.
Bxc4+ Nxc4 15. Qxc4+ e6 16. Ng5 Nxd4 17. Rxh7 Nc2+ 18.
Kf1 Nxe3+ 0-1

[Event "*** MasterClass Titled Tuesday Blitz"]
[Site "Chess.com"]
[Date "2017.12.12"]
[Round "1"]
[White "juniortay"]
[Black "RobertoJBM"]
[Result "1/2-1/2"]
[WhiteElo "2329"]
[BlackElo "2611"]
[TimeControl "180+2"]
[EndTime "13:04:21 PST"]
[Termination "Game drawn by agreement"]

1. e4 c6 2. Nf3 d5 3. exd5 cxd5 4.
Ne5 Nd7 5. d4 Nxe5 6. dxe5 e6 7.
Bd3 Ne7 8. c3 Nc6 9. Qe2 Qc7 10. Bf4 g6 11. O-O Bg7 12. Re1 O-O 13.
Nd2 Bd7 14. Nf3 f5 15. exf6 Qxf4 16. fxg7 Kxg7 17. Ne5 Qxe5 18. Qxe5+ Nxe5 19. Rxe5 b5 20. Rae1 a5 21. g3 b4 22. c4 dxc4 23. Bxc4 Rac8 24.
Bxe6 Bxe6 25. Rxe6 Rc2 26. R6e2 Rfc8 27. Kg2 a4 28.
Kf3 a3 29. bxa3 bxa3 30. h4 h5 31. Rxc2 Rxc2 32. Re7+ Kf6 33. Re2 Rb2 34. Ke3 Kf5 35. f3 Rb1 36. Rd2 Rg1 1/2-1/2

[Event "*** MasterClass Titled Tuesday Blitz"]
[Site "Chess.com"]
[Date "2017.12.12"]
[Round "1"]
[White "ohusbands"]
[Black "Mykola-Bortnyk"]
[Result "0-1"]
[WhiteElo "2368"]
[BlackElo "2691"]
[TimeControl "180+2"]
[EndTime "13:04:40 PST"]
[Termination "Mykola-Bortnyk won by resignation"]

1. e4 Nf6 2. e5 Nd5 3. d4 d6 4. Nf3 dxe5 5. Nxe5 c6 6. Be2 Bf5 7. O-O Nd7 8. Nf3 e6 9. c4 N5f6 10. Nc3 Bd6 11. Nh4 Bg6 12. Nxg6 hxg6 13. h3 Qc7 14. Bf3 O-O-O 15. Qa4 Kb8 16. Be3 Bh2+ 17. Kh1 Bf4 18. Rac1 g5 19. d5 Bxe3 20. fxe3 g4 21. dxc6 Nb6 22. Qa3 gxf3 0-1

[Event "*** MasterClass Titled Tuesday Blitz"]
[Site "Chess.com"]
[Date "2017.12.12"]
[Round "1"]
[White "Quiet_Desperation"]
[Black "OparinGrigoriy"]
[Result "0-1"]
[WhiteElo "2369"]
[BlackElo "2695"]
[TimeControl "180+2"]
[EndTime "13:04:41 PST"]
[Termination "OparinGrigoriy won by checkmate"]

1. e4 c5 2. Nf3 d6 3. d4 cxd4 4. Nxd4 Nf6 5. Nc3 a6 6. Be3 e5 7. Nb3 Be6 8. f3 Be7 9. Qd2 Nbd7 10. O-O-O b5 11. g4 Nb6 12. Bxb6 Qxb6 13. Nd5 Nxd5 14. exd5 Bd7 15. Kb1 a5 16. Nc1 a4 17. h4 Rc8 18.
g5 b4 19. Bh3 Bxh3 20. Rxh3 O-O 21. f4 Rc4 22. f5 Rfc8 23. f6 Bd8 24. fxg7 Rxc2 25.
Qe3 a3 26. bxa3 Rb2+ 27. Ka1 bxa3 28. Qxb6 Bxb6 29. Rb3 Bd4 30. Rxd4 Rxc1# 0-1

[Event "*** MasterClass Titled Tuesday Blitz"]
[Site "Chess.com"]
[Date "2017.12.12"]
[Round "1"]
[White "benhal"]
[Black "Vincent_Vega95"]
[Result "0-1"]
[WhiteElo "2257"]
[BlackElo "2557"]
[TimeControl "180+2"]
[EndTime "13:04:44 PST"]
[Termination "Vincent_Vega95 won by resignation"]

1. e4 c5 2. Nc3 Nc6 3. Nge2 Nf6 4.
d4 cxd4 5. Nxd4 e5 6. Ndb5 d6 7. Bg5 a6 8. Na3 b5 9. Bxf6 gxf6 10. Nd5 f5 11. Bd3 Be6 12. c3 Bg7 13. Nc2 O-O 14.
Nce3 fxe4 15. Bxe4 f5 16. Nf6+ Qxf6 17. Bxc6 Rad8 18.
Nd5 Qf7 19. a4 Rc8 20. axb5 axb5 21. Nb4 e4 22. Qxd6 Rfd8 23. Qf4 Bc4 24. h4 Kh8 25. h5 Qf6 26. h6 Qxc3+ 27. bxc3 Bxc3+ 28. Qd2 Bxd2+ 0-1

[Event "*** MasterClass Titled Tuesday Blitz"]
[Site "Chess.com"]
[Date "2017.12.12"]
[Round "1"]
[White "robbykevlishvili"]
[Black "FearNoEvil12"]
[Result "0-1"]
[WhiteElo "2438"]
[BlackElo "2051"]
[TimeControl "180+2"]
[EndTime "13:04:59 PST"]
[Termination "FearNoEvil12 won by resignation"]

1. e4 a6 2. d4 b5 3. Nf3 Bb7 4. Bd3 e6 5. a4 b4 6. O-O Nf6 7. Nbd2 d6 8. Re1 Nbd7 9. a5 Rg8 10. d5 e5 11. Nc4 h6 12. Bd2 g5 13. Bxb4 g4 14.
Nfd2 h5 15. Ne3 Bc8 16. c4 Nc5 17. Bc2 h4 18. Nf5 Bxf5 19. exf5 Ncd7 20. Bc3 g3 21. fxg3 hxg3 22. h3 Ng4 23. Ne4 Qh4 24. Qf3 Nf2 25.
b3 Bh6 26. Nxf2 gxf2+ 27. Qxf2 Qxh3 28. Bd2 Ke7 29. f6+ Nxf6 30. Rf1 Rxg2+ 31. Qxg2 Rg8 32. Rf2 Rxg2+ 33. Rxg2 Bxd2 0-1

[Event "*** MasterClass Titled Tuesday Blitz"]
[Site "Chess.com"]
[Date "2017.12.12"]
[Round "1"]
[White "dawtonlms"]
[Black "chidori_boruto"]
[Result "1/2-1/2"]
[WhiteElo "2248"]
[BlackElo "2521"]
[TimeControl "180+2"]
[EndTime "13:05:01 PST"]
[Termination "Game drawn by agreement"]

1. e4 c6 2. d4 d5 3. exd5 cxd5 4. c4 Nf6 5. Nc3 e6 6. Nf3 Bb4 7. cxd5 Nxd5 8. Bd2 Nc6 9. Bd3 O-O 10. O-O Be7 11. a3 Bf6 12. Qe2 Nxd4 13. Nxd4 Bxd4 14. Bxh7+ Kxh7 15. Qd3+ Kg8 16. Qxd4 Nxc3 17. Bxc3 Qxd4 18.
Bxd4 Bd7 19. Rac1 Bc6 20. Rfd1 Rfd8 21. Be3 a6 22. Bb6 Rdc8 23. f3 f6 24. Rd6 Bd5 25.
Rxc8+ Rxc8 26. Rd8+ Rxd8 27. Bxd8 Kf7 28. Kf2 Ke8 29.
Bb6 Kd7 30. Ke3 Kc6 31. Bd4 Kb5 32. Kd3 a5 33. h4 Bc4+ 34. Ke3 Bd5 35. Kd3 Bc4+ 36.
Ke3 Bd5 1/2-1/2

[Event "*** MasterClass Titled Tuesday Blitz"]
[Site "Chess.com"]
[Date "2017.12.12"]
[Round "1"]
[White "joppie2"]
[Black "ristingho"]
[Result "1-0"]
[WhiteElo "2646"]
[BlackElo "2330"]
[TimeControl "180+2"]
[EndTime "13:05:11 PST"]
[Termination "joppie2 won by checkmate"]

1. e4 e6 2. d4 d5 3. Nc3 Nf6 4. e5 Nfd7 5. f4 c5 6. Nf3 Be7 7. Be3 O-O 8. Qd2 Nc6 9. h4 cxd4 10. Nxd4 Nxd4 11. Bxd4 Bxh4+ 12. Kd1 Be7 13. Bd3 g6 14. g4 f5 15. gxf5 gxf5 16. Qg2+ Kh8 17. Kd2 Rg8 18. Qf3 Nf8 19. Nb5 Bd7 20. Nd6 Be8 21.
Bxf5 exf5 22. Nxe8 Bb4+ 23. c3 Ne6 24. Rxh7+ Kxh7 25.
Qh5# 1-0

[Event "*** MasterClass Titled Tuesday Blitz"]
[Site "Chess.com"]
[Date "2017.12.12"]
[Round "1"]
[White "Scott-fox21"]
[Black "vpantev"]
[Result "0-1"]
[WhiteElo "2138"]
[BlackElo "2473"]
[TimeControl "180+2"]
[EndTime "13:05:25 PST"]
[Termination "vpantev won by resignation"]

1. d4 Nf6 2. c4 e6 3. Nc3 Bb4 4. a3 Bxc3+ 5. bxc3 c5 6. e3 Nc6 7. Bd3 O-O 8. Ne2 d6 9. e4 cxd4 10. cxd4 e5 11. d5 Nb8 12. O-O Nbd7 13. Ng3 Nc5 14. Bc2 b6 15. Bg5 h6 16. Be3 Qc7 17. h3 Re8 18.
Qf3 Qe7 19. Nf5 Bxf5 20. exf5 Rac8 21. Qg3 Kh8 22. f4 Ncd7 23. Bd3 exf4 24. Bxf4 Ne5 25. Rae1 Nh5 26. Qe3 Nxf4 27. Rxf4 Nxd3 0-1

[Event "*** MasterClass Titled Tuesday Blitz"]
[Site "Chess.com"]
[Date "2017.12.12"]
[Round "1"]
[White "GrigorGrigorov"]
[Black "calemcc"]
[Result "1-0"]
[WhiteElo "2563"]
[BlackElo "2276"]
[TimeControl "180+2"]
[EndTime "13:05:55 PST"]
[Termination "GrigorGrigorov won by resignation"]

1. d4 d5 2. c4 e6 3. Nc3 c6 4. cxd5 exd5 5. Bf4 Bf5 6. e3 Nf6 7. Nge2 Bd6 8. Ng3 Bg4 9. f3 Bxf4 10. exf4 Be6 11. Bd3 O-O 12. O-O Re8 13. Qd2 Qd6 14. Rfe1 Na6 15. a3 c5 16. Bxa6 cxd4 17. Qxd4 Qxa6 18. Re3 Rad8 19. Rae1 Qc6 20. Re5 b6 21.
h4 h6 22. Nf1 Nd7 23. R5e2 Nc5 24. f5 Bxf5 25. Rxe8+ Rxe8 26. Rxe8+ Qxe8 27. Nxd5 Be6 28. Nfe3 Qc8 29. Ne7+ 1-0

[Event "*** MasterClass Titled Tuesday Blitz"]
[Site "Chess.com"]
[Date "2017.12.12"]
[Round "1"]
[White "jbj"]
[Black "krzyzan94"]
[Result "0-1"]
[WhiteElo "2299"]
[BlackElo "2606"]
[TimeControl "180+2"]
[EndTime "13:06:00 PST"]
[Termination "krzyzan94 won by resignation"]

1. e4 c5 2. d4 cxd4 3. c3 d3 4. Bxd3 g6 5. c4 Bg7 6. Nf3 Nc6 7. O-O Nf6 8. Nc3 d6 9. h3 O-O 10. Be3 Nd7 11. Rc1 Nc5 12. Bb1 a5 13. b3 f5 14.
exf5 Bxf5 15. Bxf5 Rxf5 16. Nd4 Nxd4 17. Bxd4 Qf8 18. Bxg7 Qxg7 19. Nd5 Raf8 20. Rc2 R5f7 21. Re2 e5 22. Qd2 h5 23. Qxa5 g5 24. Re3 g4 25.
hxg4 hxg4 26. Qb6 Qh6 27. f4 exf4 28. Re7 g3 0-1

[Event "*** MasterClass Titled Tuesday Blitz"]
[Site "Chess.com"]
[Date "2017.12.12"]
[Round "1"]
[White "Big_Fishy"]
[Black "sandromareco"]
[Result "0-1"]
[WhiteElo "2345"]
[BlackElo "2658"]
[TimeControl "180+2"]
[EndTime "13:06:06 PST"]
[Termination "sandromareco won by resignation"]

1. d4 Nf6 2. Nc3 d5 3. Bf4 a6 4. e3 Bf5 5. f3 Bg6 6. g4 e6 7. h4 h5 8. g5 Nfd7 9. Bd3 Bxd3 10.
Qxd3 g6 11. e4 c6 12. O-O-O Bg7 13. Nge2 a5 14. Bd6 Nb6 15. Be5 Bxe5 16. dxe5 N8d7 17. f4 a4 18. exd5 cxd5 19. Nb5 Nc4 20. Ned4 Qb6 21. Qc3 O-O 22. b3 axb3 23. axb3 Na3 24. Nxa3 Rxa3 25. Kb2 Ra5 26. Ra1 Rc5 27. Qd3 Rfc8 28. Rh2 Qb4 29. Ra4 Qb6 30. Rd2 Kg7 31. c3 Rxc3 32. Qxc3 Rxc3 33.
Kxc3 Nc5 34. Rb4 Ne4+ 0-1

[Event "*** MasterClass Titled Tuesday Blitz"]
[Site "Chess.com"]
[Date "2017.12.12"]
[Round "1"]
[White "Penguininja"]
[Black "AkshatChandra"]
[Result "0-1"]
[WhiteElo "2400"]
[BlackElo "2728"]
[TimeControl "180+2"]
[EndTime "13:06:10 PST"]
[Termination "AkshatChandra won by resignation"]

1. d4 Nf6 2. c4 e6 3. g3 c5 4. Nf3 b6 5. Bg2 Bb7 6. d5 exd5 7. Nh4 g6 8. cxd5 d6 9. Nc3 Bg7 10. O-O O-O 11. e4 Na6 12. Re1 Re8 13. Bg5 h6 14. Bd2 Nb4 15. Bf1 Ba6 16. Bxa6 Nxa6 17. a3 Qd7 18.
Ng2 b5 19. f3 c4 20. Be3 Rac8 21. Bd4 Nc5 22. Bxc5 Rxc5 23. f4 a5 24. Qf3 b4 25.
axb4 axb4 26. Na4 Ra5 27. Nb6 Qa7 28. Rxa5 Qxb6+ 29. Ne3 Qxa5 30. e5 dxe5 31. fxe5 Rxe5 32. d6 Qc5 0-1

[Event "*** MasterClass Titled Tuesday Blitz"]
[Site "Chess.com"]
[Date "2017.12.12"]
[Round "1"]
[White "TheBigBoss04"]
[Black "destroyer305"]
[Result "1-0"]
[WhiteElo "2488"]
[BlackElo "2189"]
[TimeControl "180+2"]
[EndTime "13:06:12 PST"]
[Termination "TheBigBoss04 won by resignation"]

1. Nf3 Nf6 2. c4 c5 3. g3 g6 4. Bg2 Bg7 5. O-O O-O 6. Nc3 Nc6 7. d4 cxd4 8. Nxd4 Nxd4 9. Qxd4 d6 10. Rd1 Be6 11.
Bxb7 Nd5 12. Qd3 Nxc3 13. bxc3 Rb8 14. Bd5 Qa5 15. Bd2 Rfc8 16. Rab1 Qxa2 17. Ra1 Bxd5 18. Rxa2 Bxc4 19. Qc2 Bb3 20. Qc1 Bxd1 21. Qxd1 Bxc3 22.
Bxc3 Rxc3 23. Rxa7 Rbc8 24. Kg2 R8c7 25. Ra8+ Kg7 26.
Qd4+ f6 27. Qd5 R3c5 28. Qg8+ Kh6 29. Qf8+ Kg5 30. h4+ Kf5 31. Qg8 h5 32. e4+ Kxe4 33. Ra4+ Ke5 34. Qxg6 Ke6 35. Re4+ Kd7 36. Qf7 Re5 37.
Rxe5 fxe5 38. Qxh5 Ke6 39. Qg6+ Kd7 40. h5 d5 41. h6 1-0

[Event "*** MasterClass Titled Tuesday Blitz"]
[Site "Chess.com"]
[Date "2017.12.12"]
[Round "1"]
[White "GMMarcinDziuba"]
[Black "LuisFSiles"]
[Result "1-0"]
[WhiteElo "2526"]
[BlackElo "2234"]
[TimeControl "180+2"]
[EndTime "13:06:21 PST"]
[Termination "GMMarcinDziuba won by resignation"]

1. d4 Nf6 2. c4 g6 3. Nc3 Bg7 4. e4 d6 5. Nf3 O-O 6. h3 c5 7.
d5 e6 8. Bd3 Na6 9. O-O Nc7 10.
a4 Na6 11. Bg5 Nb4 12. Bb1 h6 13. Bh4 e5 14. Ra3 a6 15. Ne2 Qe8 16. Nh2 Nh7 17.
Qd2 f5 18. exf5 gxf5 19. Ng3 e4 20. Kh1 Qg6 21. Ne2 Be5 22. f4 Bf6 23. Rg3 Qxg3 24. Bxg3 Kh8 25. Bf2 Bd7 26. Ng3 Rg8 27. Nh5 Raf8 28.
Nxf6 Nxf6 29. Bh4 Kh7 30. Rg1 Nh5 31. Nf1 Bxa4 32. Kh2 Bd7 33. g3 Re8 34. Ne3 Rg6 35. Qe2 Ng7 36. g4 Rg8 37. Rg3 b5 38. gxf5 Rxg3 39.
Bxg3 Nh5 40. Qxh5 1-0

[Event "*** MasterClass Titled Tuesday Blitz"]
[Site "Chess.com"]
[Date "2017.12.12"]
[Round "1"]
[White "Konavets"]
[Black "hermionegrangermagic"]
[Result "1-0"]
[WhiteElo "2783"]
[BlackElo "2421"]
[TimeControl "180+2"]
[EndTime "13:06:22 PST"]
[Termination "Konavets won by resignation"]

1. Nf3 d5 2. c4 e6 3. g3 Nf6 4. Bg2 Be7 5. O-O O-O 6. b3 c5 7. e3 Nc6 8. Bb2 d4 9. exd4 cxd4 10. d3 Ne8 11. Re1 f6 12. Na3 e5 13. Nc2 Bf5 14.
a3 a5 15. Nh4 Bd7 16. Bd5+ Rf7 17. Qh5 Nd6 18. c5 Be8 19. cxd6 Qxd6 20. Bc4 g6 21. Qe2 Nd8 22. Bxf7+ Kxf7 23. a4 Bc6 24. f3 Ne6 25.
Ba3 Qd5 26. Bxe7 Kxe7 27. b4 Ng5 28. bxa5 Rxa5 29. Nb4 Nh3+ 30. Kg2 Qd7 31. Nxc6+ bxc6 32. Qd2 g5 33. Qxa5 gxh4 34. Rab1 Ng5 35. Qb4+ c5 36.
Qb7 1-0

[Event "*** MasterClass Titled Tuesday Blitz"]
[Site "Chess.com"]
[Date "2017.12.12"]
[Round "1"]
[White "kleinebeer98"]
[Black "Marcin"]
[Result "1-0"]
[WhiteElo "2508"]
[BlackElo "2200"]
[TimeControl "180+2"]
[EndTime "13:06:27 PST"]
[Termination "kleinebeer98 won by resignation"]

1. e4 c5 2. Nf3 g6 3. d4 cxd4 4. Qxd4 Nf6 5. Nc3 Nc6 6. Qa4 d6 7. e5 dxe5 8. Nxe5 Qd4 9. Nxc6 Qxa4 10. Nxa4 bxc6 11. g3 Bg7 12. Bg2 Nd5 13. O-O O-O 14. a3 Ba6 15. Re1 Rab8 16. Nc5 Bc8 17. c3 e6 18. Re2 Rd8 19. Rc2 e5 20. c4 Ne7 21.
Bg5 f6 22. Be3 Bf5 23. Re2 Bg4 24. Rc2 Bf5 25. Re2 Bg4 26. f3 Bf5 27. b4 Nc8 28.
g4 Bd3 29. Rd2 e4 30. fxe4 f5 31. Rad1 f4 32. Bxf4 Bd4+ 33. Kh1 Bxc5 34. Bxb8 1-0

[Event "*** MasterClass Titled Tuesday Blitz"]
[Site "Chess.com"]
[Date "2017.12.12"]
[Round "1"]
[White "Vrolijk"]
[Black "Enzy63"]
[Result "1-0"]
[WhiteElo "2464"]
[BlackElo "2098"]
[TimeControl "180+2"]
[EndTime "13:06:30 PST"]
[Termination "Vrolijk won by resignation"]

1. d4 d5 2. c4 e6 3. Nf3 Nf6 4. Nc3 c6 5. Bg5 Be7 6. e3 Nbd7 7. Qc2 h6 8. Bh4 O-O 9. Be2 b6 10. O-O Bb7 11. Rad1 Rc8 12. e4 Nxe4 13. Bxe7 Qxe7 14. Nxe4 dxe4 15. Qxe4 Nf6 16. Qe3 Rfe8 17. c5 Nd5 18. Qa3 b5 19. Bd3 a5 20. Bb1 a4 21. Qd3 Nf6 22.
Ne5 Red8 23. Rfe1 Rd5 24. Qe3 Rdd8 25. Qg3 Nd7 26. Ng4 Qg5 27. f4 Qh5 28. Be4 Kh8 29. Bf3 Qg6 30. Qh4 Nf6 31. Ne5 1-0

[Event "*** MasterClass Titled Tuesday Blitz"]
[Site "Chess.com"]
[Date "2017.12.12"]
[Round "1"]
[White "Arm-Akiba"]
[Black "windking123"]
[Result "1-0"]
[WhiteElo "2685"]
[BlackElo "2362"]
[TimeControl "180+2"]
[EndTime "13:06:45 PST"]
[Termination "Arm-Akiba won by resignation"]

1. d4 d5 2. Nf3 Nf6 3. e3 e6 4. c4 c5 5. cxd5 exd5 6. Bb5+ Nc6 7. O-O Bg4 8. h3 Bxf3 9. Qxf3 cxd4 10. exd4 Be7 11.
Nc3 O-O 12. Bxc6 bxc6 13. Be3 Bb4 14. Rac1 Qd7 15. a3 Bxc3 16. Rxc3 Ne4 17. Rc2 Rab8 18. b4 a5 19. bxa5 Ra8 20. Rfc1 Rfc8 21. Qg4 f5 22. Qf3 Rxa5 23. Bf4 c5 24. dxc5 Rcxc5 25. Rxc5 Rxc5 26.
Rxc5 Nxc5 27. Qc3 Ne6 28. Bd2 Kf7 29. Qe5 g6 30. Qh8 Nf8 31. Bh6 Qe7 32. Qxf8+ Qxf8 33. Bxf8 Kxf8 34. Kf1 Ke7 35. Ke2 Kd6 36. Kd3 Kc5 37. h4 Kb5 38. Kd4 Ka4 39. Kxd5 Kxa3 40. Ke6 Kb3 41. Kf6 Kc3 42. Kg7 Kd2 43. Kxh7 Ke2 44. Kxg6 f4 45. f3 Kf2 46. Kf5 Kxg2 47. Kxf4 1-0

[Event "*** MasterClass Titled Tuesday Blitz"]
[Site "Chess.com"]
[Date "2017.12.12"]
[Round "1"]
[White "NewBornNow"]
[Black "JSMastropiero"]
[Result "1-0"]
[WhiteElo "2596"]
[BlackElo "2306"]
[TimeControl "180+2"]
[EndTime "13:06:48 PST"]
[Termination "NewBornNow won by resignation"]

1. e4 e5 2. Nf3 Nc6 3. Bc4 Nf6 4.
d3 Be7 5. O-O O-O 6. a4 d6 7. h3 Kh8 8. c3 Ng8 9. d4 Bf6 10. Be3 h6 11. Nbd2 Nge7 12. a5 a6 13. Qb3 Kg8 14. Rfd1 Ng6 15. Nf1 Qe7 16. Ng3 Nf4 17.
Re1 g5 18. Kh2 Kh7 19. Nf5 Bxf5 20. exf5 Qd7 21. Qc2 Rae8 22. g3 e4 23. gxf4 exf3 24. fxg5 hxg5 25. Rg1 d5 26. Bd3 Qd6+ 27. Kh1 Rg8 28.
Qd2 Qe7 29. Rg3 Rg7 30. Rag1 Reg8 31. Qd1 Rh8 32. Qxf3 Kg8 33. Qxd5 g4 34. b4 Rxh3+ 35. Rxh3 gxh3 36. Rxg7+ Kxg7 37. Qf3 Nxb4 38. cxb4 Qxb4 39. Qxh3 Qxa5 40. Qh6+ Kg8 41. Qxf6 Qd5+ 42. Kg1 a5 43. Bh6 1-0

[Event "*** MasterClass Titled Tuesday Blitz"]
[Site "Chess.com"]
[Date "2017.12.12"]
[Round "1"]
[White "jncool68"]
[Black "oogee"]
[Result "1-0"]
[WhiteElo "2475"]
[BlackElo "2149"]
[TimeControl "180+2"]
[EndTime "13:06:49 PST"]
[Termination "jncool68 won by resignation"]

1. e4 c5 2. Nf3 d6 3. d4 cxd4 4. Nxd4 Nf6 5. Nc3 g6 6. Be3 Bg7 7. f3 Nc6 8. Qd2 O-O 9. O-O-O d5 10. Nxc6 bxc6 11. Bh6 Qa5 12. h4 d4 13. Bxg7 dxc3 14.
Qh6 cxb2+ 15. Kb1 Be6 16. c4 Rfd8 17. Be2 Qc3 18. Bxf6 exf6 19. Qf4 c5 20. h5 g5 21. Qc7 Rd2 22. Rxd2 Qxd2 23. Qb7 Rd8 24. Rd1 Qxd1+ 25. Bxd1 Rxd1+ 26. Kxb2 Rd2+ 27. Kc3 Rxg2 28. h6 Kf8 29. Qxa7 Rg3 30. Qb8+ Ke7 31. Qxg3 1-0

[Event "*** MasterClass Titled Tuesday Blitz"]
[Site "Chess.com"]
[Date "2017.12.12"]
[Round "1"]
[White "toad"]
[Black "1stSecond"]
[Result "0-1"]
[WhiteElo "2173"]
[BlackElo "2478"]
[TimeControl "180+2"]
[EndTime "13:06:50 PST"]
[Termination "1stSecond won by resignation"]

1. d4 Nf6 2. c4 e6 3. g3 c5 4. Nf3 cxd4 5. Nxd4 d5 6. cxd5 Qxd5 7. f3 Bb4+ 8. Nc3 O-O 9. e4 Nxe4 10. Bd2 Nxc3 11. bxc3 Bc5 12. Bg2 Nc6 13. Nxc6 Qxc6 14. Qe2 Bb6 15.
Qe4 Qc5 16. Qd4 Qc7 17. Qe4 e5 18. Rc1 Be6 19. Be3 Bc4 20. Kf2 f5 21. Qh4 f4 22.
gxf4 Bxe3+ 23. Kxe3 Qc5+ 24. Kd2 Rad8+ 25. Kc2 Qa3 26.
Rb1 Qxa2+ 27. Rb2 Bb3+ 28. Kc1 Qa1+ 0-1

[Event "*** MasterClass Titled Tuesday Blitz"]
[Site "Chess.com"]
[Date "2017.12.12"]
[Round "1"]
[White "SharkAnto55"]
[Black "Msb2"]
[Result "0-1"]
[WhiteElo "2357"]
[BlackElo "2673"]
[TimeControl "180+2"]
[EndTime "13:06:51 PST"]
[Termination "Msb2 won by resignation"]

1. d4 Nf6 2. c4 c5 3. d5 b5 4. cxb5 a6 5. bxa6 g6 6. Nc3 Bg7 7. Nf3 O-O 8. g3 d6 9. Bg2 Nfd7 10. h4 h5 11. O-O Nb6 12. e4 Bxa6 13. Re1 N8d7 14.
Bf4 Nc4 15. Qc2 Qa5 16. Rac1 Rfb8 17. b3 Nce5 18. Nxe5 Nxe5 19. Bxe5 Bxe5 20. f4 Bd4+ 21. Kh2 Bc8 22. Na4 Bd7 23. e5 Bxa4 24. bxa4 Qxa4 25. Qe4 Rb2 26. exd6 exd6 27. f5 Be5 28. fxg6 Qxe4 29. gxf7+ Kxf7 30. Rxe4 Raxa2 31. Rf1+ Kg7 32. Rg1 Bd4 33. Rxd4 cxd4 0-1

[Event "*** MasterClass Titled Tuesday Blitz"]
[Site "Chess.com"]
[Date "2017.12.12"]
[Round "1"]
[White "Babbelbox"]
[Black "sandager"]
[Result "1-0"]
[WhiteElo "2433"]
[BlackElo "1972"]
[TimeControl "180+2"]
[EndTime "13:06:51 PST"]
[Termination "Babbelbox won by resignation"]

1. d4 Nf6 2. c4 g6 3. Nc3 d5 4.
cxd5 Nxd5 5. e4 Nxc3 6. bxc3 Bg7 7. Nf3 c5 8. Rb1 Qa5 9. Rb5 Qxa2 10. Rxc5 O-O 11.
Bc4 Qa1 12. O-O b6 13. Rc7 Na6 14. Rxe7 Qxc3 15. Bd5 Bf6 16. Rxf7 Rxf7 17. Bxa8 Nc7 18. e5 Bd8 19. Be4 Bg4 20. h3 Bxf3 21. Bxf3 Rd7 22. Be3 Ne6 23. Qa4 Rxd4 24. Qe8+ Kg7 25. Qxe6 1-0

[Event "*** MasterClass Titled Tuesday Blitz"]
[Site "Chess.com"]
[Date "2017.12.12"]
[Round "1"]
[White "aspired"]
[Black "rst2003"]
[Result "1-0"]
[WhiteElo "2495"]
[BlackElo "2195"]
[TimeControl "180+2"]
[EndTime "13:06:54 PST"]
[Termination "aspired won by resignation"]

1. e4 c5 2. Nf3 d6 3. Bb5+ Nd7 4. O-O a6 5. Bd3 Ngf6 6. Re1 g6 7. c3 Bg7 8. Bc2 O-O 9. d4 b6 10. d5 Bb7 11. c4 Qc7 12. Nc3 e6 13. Bf4 exd5 14.
exd5 Ng4 15. Qd2 Rfe8 16. Rxe8+ Rxe8 17. Re1 Nge5 18. Nxe5 Nxe5 19. b3 Qd8 20. Kf1 Qd7 21.
Ne4 b5 22. Bh6 Bh8 23. Bg5 bxc4 24. Nf6+ Bxf6 25. Bxf6 Ng4 26. Rxe8+ Qxe8 27. Bb2 cxb3 28. axb3 f6 29. h3 Ne5 30. f4 Nd7 31. Kf2 Qf7 32. Be4 Nb6 33. Qa5 Nxd5 34. Qd8+ Kg7 35. Qxd6 Kh6 36.
f5 g5 37. Bxd5 Bxd5 38. Bxf6 Bxb3 39. Be5+ Be6 40. Qxe6+ Qxe6 41. fxe6 Kg6 42. Ke3 a5 43. Kd3 a4 44. Kc4 a3 45. Kb3 Kf5 46. e7 Kxe5 47. e8=Q+ Kd4 48. Kxa3 Kd3 49. Qd8+ Kc3 50. Qxg5 c4 51. Qg7+ Kc2 52. Qxh7+ Kd2 53. Qd7+ 1-0

[Event "*** MasterClass Titled Tuesday Blitz"]
[Site "Chess.com"]
[Date "2017.12.12"]
[Round "1"]
[White "r31415"]
[Black "Fighterman91"]
[Result "0-1"]
[WhiteElo "2196"]
[BlackElo "2492"]
[TimeControl "180+2"]
[EndTime "13:07:00 PST"]
[Termination "Fighterman91 won by resignation"]

1. e4 c5 2. Nf3 d6 3. d4 cxd4 4. Nxd4 Nf6 5. Nc3 a6 6. h3 e5 7.
Nde2 h5 8. Ng1 Nbd7 9. Nf3 Qc7 10. Be3 Be7 11. Bd3 b5 12. a3 Bb7 13. Ng5 Nc5 14. O-O Rd8 15. Qf3 O-O 16. Rfd1 g6 17. Nd5 Nxd5 18.
exd5 Nxd3 19. cxd3 Qd7 20. g4 f6 21. Ne6 Qxe6 22.
gxh5 Qxd5 23. Qxd5+ Bxd5 24. hxg6 Kg7 25. Rac1 Rc8 26. d4 Bf3 27. Rxc8 Rxc8 28. Rd2 Rc1+ 29. Kh2 e4 30. Kg3 d5 31. Kh4 Kxg6 0-1

[Event "*** MasterClass Titled Tuesday Blitz"]
[Site "Chess.com"]
[Date "2017.12.12"]
[Round "1"]
[White "GameOverBro"]
[Black "maciek_92"]
[Result "1-0"]
[WhiteElo "2241"]
[BlackElo "2496"]
[TimeControl "180+2"]
[EndTime "13:07:02 PST"]
[Termination "GameOverBro won by resignation"]

1. e4 c5 2. Ne2 Nc6 3. Nbc3 e5 4. Ng3 g6 5. Bc4 Bg7 6. d3 h5 7. O-O Nge7 8. f4 h4 9. Nge2 d6 10. Nd5 Nxd5 11. Bxd5 Be6 12. Bxe6 fxe6 13. f5 exf5 14. exf5 gxf5 15. Rxf5 Qd7 16. Qf1 O-O-O 17. Rf7 Rdf8 18.
Rxd7 Rxf1+ 19. Kxf1 Kxd7 20. c3 h3 21. g3 Rf8+ 22. Ke1 d5 23. Be3 d4 24. Bd2 Rf3 25. Ng1 Rxd3 26. Nxh3 Rf3 27. Ke2 Rf8 28. Ng5 c4 29. h4 Kd6 30. h5 Kd5 31. Rh1 Bh6 32. Nh7 d3+ 33. Kd1 Rf7 34. Bxh6 Rxh7 35. Be3 Ke4 36.
Kd2 Kf3 37. h6 Kxg3 38. Rg1+ Kf3 39. Rg7 Rxg7 40. hxg7 Ne7 41. Bxa7 Kf4 42. b3 b5 43.
Bc5 Ng8 44. a4 cxb3 45. Kxd3 bxa4 46. c4 e4+ 47. Kc3 e3 48. Bxe3+ Kxe3 49. c5 Ke2 50. c6 Kd1 51. c7 b2 52. c8=Q b1=Q 53. Qg4+ Ke1 54.
Qg1+ Ke2 55. Qxb1 1-0

[Event "*** MasterClass Titled Tuesday Blitz"]
[Site "Chess.com"]
[Date "2017.12.12"]
[Round "1"]
[White "Jbd735"]
[Black "Vahe_Dan"]
[Result "0-1"]
[WhiteElo "2250"]
[BlackElo "2534"]
[TimeControl "180+2"]
[EndTime "13:07:10 PST"]
[Termination "Vahe_Dan won by resignation"]

1. d4 Nf6 2. Nf3 g6 3. c3 Bg7 4. e3 O-O 5. Nbd2 d5 6. Bd3 Nbd7 7. O-O c5 8. Qe2 Re8 9. e4 cxd4 10. cxd4 e5 11.
dxe5 Nxe5 12. Nxe5 Rxe5 13. f4 Re8 14. e5 Nd7 15. Nf3 Nc5 16. Bb5 Bd7 17. Be3 Ne6 18. Rad1 a6 19. Bxd7 Qxd7 20. Qd2 Red8 21. Bb6 Rdc8 22.
Qxd5 Qxd5 23. Rxd5 Nxf4 24. Rd7 Rc2 25. Ng5 Rxg2+ 26.
Kh1 Rxg5 27. Rxf4 Rf8 28. Rxb7 Bxe5 29. Rf2 Rc8 30. Be3 Rh5 31. Rfxf7 Rxh2+ 32. Kg1 Rxb2 33. Rxh7 Rcc2 34. Rxb2 Rxb2 35. Re7 Bh2+ 36. Kh1 Rxa2 37. Bd4 Kf8 38. Rg7 Bd6 39. Rxg6 Ke7 40. Rg7+ Ke6 41. Ra7 a5 42. Kg1 Kd5 43. Bf6 Bc5+ 0-1